 Dungeon Crawl Stone Soup version 0.29-a0-6-ga859fcf985 (webtiles) character file.

Game seed: 1037188923526449379

219 Ijustatesigmund the Cudgeller (level 5, -3/34 HPs)
             Began as a Gargoyle Fighter on Jan 27, 2022.
             Slain by a gnoll (6 damage)
             ... on level 3 of the Dungeon.
             The game lasted 00:02:35 (3023 turns).

Ijustatesigmund the Cudgeller (Gargoyle Fighter)    Turns: 3023, Time: 00:02:35

Health: -3/34      AC: 13    Str: 22    XL:     5   Next: 96%
Magic:  5/5        EV:  9    Int:  8    God:
Gold:   66         SH:  4    Dex:  9    Spells: 4/4 levels left

rFire   . . .      SeeInvis .   a - +0 flail
rCold   . . .      Faith    .   c - +0 buckler
rNeg    + . .      Spirit   .   b - +0 scale mail
rPois   ∞          Reflect  .   (no helmet)
rElec   +          Harm     .   (no cloak)
rCorr   .          Rampage  .   e - +1 pair of gloves
Will    .....                   (no boots)
Stlth   ..........              (no amulet)
HPRegen 0.11/turn               (no ring)
MPRegen 0.09/turn               (no ring)

@: no status effects
A: sickness immunity, AC +4, negative energy resistance 1, electricity
resistance, torment resistance 1, petrification resistance
a: no special abilities


You were on level 3 of the Dungeon.
You visited 1 branch of the dungeon, and saw 3 of its levels.

You collected 66 gold pieces.

Inventory:

Hand Weapons
 a - a +0 flail (weapon)
Armour
 b - a +0 scale mail (worn)
 c - a +0 buckler (worn)
 e - a +1 pair of gloves (worn)
Wands
 i - a wand of polymorph (6)
Scrolls
 f - 4 scrolls of identify {unknown}
 g - a scroll of enchant armour {unknown}
 h - a scroll of holy word {unknown}
 j - a scroll of teleportation {unknown}


   Skills:
 + Level 4.6 Fighting
 * Level 4.8 Maces & Flails
 - Level 3.2 Armour
 + Level 1.2 Dodging
 - Level 3.2 Shields


You had 4 spell levels left.
You didn't know any spells.
Your spell library contained the following spells:

 Spells                   Type           Power      Damage    Failure   Level
 Slow                     Hex            0%         N/A       83%         1
 Confusing Touch          Hex            0%         N/A       99%         3
 Frozen Ramparts          Ice            0%         1d2       99%         3
 Vampiric Draining        Necr           0%         2d6       99%         3
 Ice Form                 Ice/Tmut       0%         N/A       100%        4
 Summon Ice Beast         Ice/Summ       0%         N/A       100%        4


Dungeon Overview and Level Annotations

Branches:
Dungeon (3/15)

Altars:
Dithmenos

Shops:
D:3 *


Innate Abilities, Weirdness & Mutations

You are immune to sickness and miasma.
Your stone body is resilient. (AC +4)
You are immune to poison.
You resist negative energy. (rN+)
You are resistant to electric shocks. (rElec)
You are resistant to unholy torment.
You are immune to petrification.


Message History

You are too injured to fight recklessly!
You are too injured to fight recklessly!
You are too injured to fight recklessly!
You are too injured to fight recklessly!
You are too injured to fight recklessly!
You are too injured to fight recklessly!
You sock the gnoll!
The gnoll is heavily wounded.
The gnoll hits you but does no damage. You block the gnoll's attack.
You closely miss the gnoll.
The gnoll is heavily wounded.
You block the gnoll's attack. The gnoll closely misses you.
You closely miss the gnoll.
The gnoll is heavily wounded.
The gnoll hits you but does no damage. You block the gnoll's attack.
The gnoll barely misses you.
You closely miss the gnoll.
The gnoll is heavily wounded.
The gnoll barely misses you. The gnoll hits you with a +0 spear!
* * * LOW HITPOINT WARNING * * *
The gnoll hits you but does no damage.
You completely miss the gnoll.
The gnoll is heavily wounded.
The gnoll hits you with a +0 spear.
* * * LOW HITPOINT WARNING * * *
The gnoll barely misses you.
You closely miss the gnoll.
The gnoll is heavily wounded.
The gnoll hits you but does no damage. x2
You sock the gnoll!
You kill the gnoll!
The gnoll hits you but does no damage. You block the gnoll's attack.
You see here a +0 spear.
You closely miss the gnoll. The gnoll hits you with a +0 halberd.
* * * LOW HITPOINT WARNING * * *
You sock the gnoll!
The gnoll is severely wounded.
You block the gnoll's attack. The gnoll hits you with a +0 halberd.
You die...

#....####
........#
..#.#.#.#.#
.........)#
#.#.#.#.#.#
..........#
#.#.#.#.#.#
#........g#
#.#.#.#)#@####
#............#
####...#####.###
#.#. #...#
#.#.### ###.## .
.g...####..###
.........♣...#
.g....#..♣.♣..##
g.......♣...♣..#


You could see a gnoll.

Vanquished Creatures
  Pargi (D:3)
  Terence (D:2)
  3 gnolls (D:3)
  An adder (D:2)
  2 worms (D:2)
  A dart slug (D:1)
  8 bats
  5 endoplasms
  3 giant cockroaches
  9 goblins
  5 hobgoblins
  2 jackals (D:1)
  A quokka (D:2)
  4 ball pythons
  3 frilled lizards
  3 kobolds
  3 rats
55 creatures vanquished.

Vanquished Creatures (others)
  11 plants (D:2)
11 creatures vanquished.

Grand Total: 66 creatures vanquished

Notes
Turn   | Place    | Note
-------+----------+-------------------------------------------
     0 | D:1      | Ijustatesigmund the Gargoyle Fighter began the quest for
                  | the Orb.
     0 | D:1      | Reached XP level 1. HP: 14/14 MP: 1/1
   407 | D:1      | Reached XP level 2. HP: 15/19 MP: 2/2
   788 | D:1      | Reached XP level 3. HP: 18/24 MP: 3/3
  1531 | D:2      | Reached XP level 4. HP: 28/29 MP: 4/4
  1827 | D:2      | Noticed Terence
  2059 | D:2      | Found a faded altar of an unknown god.
  2068 | D:2      | Killed Terence
  2658 | D:3      | Found a shadowy altar of Dithmenos.
  2660 | D:3      | Noticed Pargi
  2678 | D:3      | Killed Pargi
  2679 | D:3      | Reached skill level 1 in Dodging
  2679 | D:3      | Reached XP level 5. HP: 12/34 MP: 5/5
  2895 | D:3      | Noticed an ogre
  2968 | D:3      | Found Tubin's General Store.
  3023 | D:3      | Slain by a gnoll

Illustrated notes

Levels and vault maps discovered:
D:1:      scummos_arrival_gate, layout_basic, chequers_serial_rivers_small_b,
          minmay_misc_feat_iff
D:2:      minmay_angry_zag, layout_basic, dilly_ecumenical_altar_fadedgnrine,
          uniq_terence
D:3:      layout_basic, grunt_dithmenos_smoke_and_mirrors,
          nicolae_tso_carved_into_rock, grunt_temple_overflow_open,
          serial_shops, nicolae_diamond_shop, serial_co_window_serial,
          co_window_cross_1, co_window_corner_a, co_window_paths_a,
          co_window_corner_a, co_window_paths_a, co_window_corner_b,
          co_window_unsneaky_path_d, co_window_2corner, glass_columns_c,
          glass_columns_b, glass_columns_c, glass_columns_a, glass_columns_c,
          uniq_pargi, uniq_jessica

Skill      XL: |  1  2  3  4 |
---------------+-------------+-----
Maces & Flails | 3 4 |  4.8
Fighting       | 4 |  4.6
Dodging        | 1 |  1.2
Armour         | |  3.2
Shields        | |  3.2

Action                   |  1- 3 |  4- 6 || total
-------------------------+-------+-------++-------
Melee: Flail             |   122 |    64 ||   186
       Unarmed           |       |     6 ||     6
  Use: Potion            |       |     1 ||     1
Armor: Scale mail        |    77 |    54 ||   131
Dodge: Dodged            |    69 |    50 ||   119
Block: Buckler           |    23 |    25 ||    48

Table legend: (Time is in decaauts)
 A = Elapsed time spent in this place.
 B = Non-inter-level travel time spent in this place.
 C = Inter-level travel time spent in this place.
 D = Time resting spent in this place.
 E = Time spent auto-exploring this place.
 F = Levels seen in this place.
 G = Mean time per level.
                   A        B        C        D        E       F      G
               +--------+--------+--------+--------+--------+-----+--------+
         Total |   3060 |   2953 |    107 |    628 |   1866 |   3 | 1020.0 |
       Dungeon |   3060 |   2953 |    107 |    628 |   1866 |   3 | 1020.0 |
               +--------+--------+--------+--------+--------+-----+--------+

Top non-repeatable levels by time:
     D:2: 1866 daAuts
     D:1: 1050 daAuts
     D:3: 143 daAuts
